 Dungeon Crawl Stone Soup version 0.22.0-38-g04b72b8 (webtiles) character file.

1489 KobiteSteel the Spear-Bearer (level 8, -2/56 HPs)
             Began as a Merfolk Gladiator on Aug 28, 2018.
             Was a Believer of Okawaru.
             Slain by a centaur (7 damage)
             ... on level 5 of the Dungeon.
             The game lasted 00:11:13 (4716 turns).

KobiteSteel the Spear-Bearer (Merfolk Gladiator)    Turns: 4716, Time: 00:11:13

Health: -2/56      AC: 13    Str: 14    XL:     8   Next: 80%
Magic:  8/8        EV:  9    Int:  7    God:    Okawaru [**....]
Gold:   165        SH:  0    Dex: 18    Spells: 7/7 levels left

rFire    . . .     SeeInvis .   a - +2 trident
rCold    . . .     Gourm    .   (no shield)
rNeg     . . .     Faith    .   e - +0 chain mail
rPois    +         Spirit   .   c - +1 helmet
rElec    .         Reflect  .   k - +0 cloak
rCorr    .         Harm     .   (no gloves)
MR       .....                  (no boots)
Stlth    ..........             (no amulet)
HPRegen  0.18/turn              i - ring of poison resistance
MPRegen  0.11/turn              (no ring)

@: no status effects
A: change form in water, swift swim, stealthy swim, frail 1, high mp 1
a: Heroism, Renounce Religion


You were on level 5 of the Dungeon.
You worshipped Okawaru.
Okawaru was pleased with you.
You were not hungry.

You visited 2 branches of the dungeon, and saw 6 of its levels.

You collected 165 gold pieces.

Inventory:

Hand Weapons
 a - a +2 trident (weapon)
 j - a +4 spear
Missiles
 d - 3 throwing nets (quivered)
Armour
 b - a +0 leather armour
 c - a +1 helmet (worn)
 e - a +0 chain mail (worn)
 k - a +0 cloak (worn)
Jewellery
 i - a ring of poison resistance (left hand)
Wands
 l - a wand of paralysis (14)
Scrolls
 g - 3 scrolls of teleportation
 m - 6 scrolls of remove curse
Potions
 h - a potion of curing
Comestibles
 f - 4 rations


   Skills:
 + Level 5.5 Fighting
 + Level 9.7 Polearms
 + Level 2.2 Throwing
 * Level 4.8 Armour
 + Level 5.7 Dodging
 + Level 0.5 Stealth


You had 7 spell levels left.
You didn't know any spells.
Your spell library was empty.

Dungeon Overview and Level Annotations

Branches:
Dungeon (5/15)             Temple (1/1) D:4

Altars:
Ashenzari
Cheibriados
Dithmenos
Elyvilon
Fedhas
Gozag
Hepliaklqana
Kikubaaqudgha
Makhleb
Nemelex Xobeh
Okawaru
Qazlal
Ru
Sif Muna
Trog
Uskayaw
Vehumet
Wu Jian
Xom
Yredelemnul
Zin
The Shining One


Innate Abilities, Weirdness & Mutations

You revert to your normal form in water.
You are very nimble and swift while swimming.
You are very stealthy in the water. (Stealth+)
You are frail. (-10% HP)
You have an increased reservoir of magic. (+10% MP)


Message History

The arrow hits you!
The centaur shoots an arrow.
The arrow closely misses the freed slave.
The arrow hits you.
You see here 2 arrows.
You are too injured to fight recklessly!
You are too injured to fight recklessly!
You are too injured to fight recklessly!
You are too injured to fight recklessly!
The centaur shoots an arrow.
The arrow hits the freed slave!
The freed slave dies!
The centaur unwields an uncursed shortbow.
The centaur barely misses you.
Things that are here:
an arrow; an animal skin You puncture the centaur!
The centaur is severely wounded.
The centaur zaps a wand.
You are blasted!
* * * LOW HITPOINT WARNING * * *
The centaur hits you!
You die...

#.....#.#####.####.###.##.# #.#
...>..#.............##.##.# #.#
#.....#############.##.##.###.###
##...## #.##.##........ ##.##
#...........### #.# ####)##..####
##### ############.##..# ..(#
##..........).....# #..#
......c@.(.(((...#.# .._#
...##########.###.## #..#
......p.# ## ...# ######### ####


You could see a centaur.

Vanquished Creatures
  Pikel (D:5)
  Edmund (D:5)
  The ghost of CcS the Chiller, an amateur DEIE (D:3)
  An ice beast (D:5)
  2 ogres
  3 scorpions
  A crimson imp (D:5)
  2 hounds
  A quasit (D:5)
  2 orc wizards (D:4)
  An orc priest (D:4)
  An iguana (D:4)
  2 worker ants (D:4)
  A worker ant zombie (D:3)
  10 adders
  A worm (D:3)
  A dart slug (D:5)
  5 orcs (D:4)
  7 bats
  3 giant cockroaches
  3 goblins
  2 hobgoblins
  3 jackals (D:3)
  A quokka (D:4)
  3 frilled lizards
  A jackal skeleton (D:5)
  7 kobolds
  2 rats (D:3)
69 creatures vanquished.

Vanquished Creatures (others)
  2 slaves (D:5)
  An ogre (D:5)
3 creatures vanquished.

Grand Total: 72 creatures vanquished

Notes
Turn   | Place    | Note
-------+----------+-------------------------------------------
     0 | D:1      | KobiteSteel the Merfolk Gladiator began the quest for the Orb.
     0 | D:1      | Reached XP level 1. HP: 16/16 MP: 1/1
   645 | D:2      | Reached skill level 5 in Polearms
   645 | D:2      | Reached XP level 2. HP: 16/23 MP: 2/2
   697 | D:2      | Found a snail-covered altar of Cheibriados.
   761 | D:2      | Reached XP level 3. HP: 18/28 MP: 3/3
   843 | D:2      | Noticed an ogre
   855 | D:2      | Killed an ogre
   855 | D:2      | Reached skill level 6 in Polearms
   855 | D:2      | Reached skill level 1 in Armour
   855 | D:2      | Reached XP level 4. HP: 30/35 MP: 4/4
   855 | D:2      | Reached XP level 5. HP: 35/41 MP: 5/5
  1207 | D:3      | Reached skill level 5 in Dodging
  1399 | D:3      | Found a faded altar of an unknown god.
  1605 | D:3      | Found a runed door.
  1609 | D:3      | Noticed CcS's ghost (amateur DEIE)
  1611 | D:3      | Gained mutation: You are frail. (-10% HP) [potion of mutation]
  1611 | D:3      | Gained mutation: You have an increased reservoir of magic. (+10% MP) [potion of mutation]
  1729 | D:3      | Found a glowing golden altar of the Shining One.
  1895 | D:3      | Reached XP level 6. HP: 38/42 MP: 6/6
  1912 | D:3      | Killed CcS's ghost
  1912 | D:3      | Reached skill level 7 in Polearms
  2211 | D:4      | Found a staircase to the Ecumenical Temple.
  2233 | Temple   | Entered the Ecumenical Temple
  2278 | Temple   | Became a worshipper of Warmaster Okawaru
  2402 | D:4      | Reached XP level 7. HP: 47/47 MP: 7/7
  2569 | D:4      | Reached skill level 8 in Polearms
  3116 | D:4      | Found a bloodstained altar of Trog.
  3118 | D:4      | Found a shattered altar of Ashenzari.
  3118 | D:4      | Found a hide-covered altar of Uskayaw.
  3119 | D:4      | Found an ornate altar of the Wu Jian Council.
  3335 | D:5      | Entered Level 5 of the Dungeon
  3373 | D:5      | Noticed Pikel
  3782 | D:5      | Reached * piety under Okawaru
  3793 | D:5      | Noticed Edmund
  3811 | D:5      | Killed Edmund
  3930 | D:5      | Reached XP level 8. HP: 19/54 MP: 8/8
  3946 | D:5      | Reached skill level 5 in Fighting
  4377 | D:5      | Found a sacrificial altar of Ru.
  4622 | D:5      | Killed Pikel
  4622 | D:5      | Reached ** piety under Okawaru
  4622 | D:5      | Reached skill level 9 in Polearms
  4716 | D:5      | Slain by a centaur

Skill      XL: |  1  2  3  4  5  6  7  8 |
---------------+-------------------------+-----
Polearms       | 5 6 7 8 9 |  9.7
Fighting       | 3 4 5 |  5.5
Armour         | 1 2 3 4 |  4.8
Dodging        | 5 |  5.7
Throwing       | |  2.2
Stealth        | |  0.5

Action                   |  1- 3 |  4- 6 |  7- 9 || total
-------------------------+-------+-------+-------++-------
Melee: Trident           |    80 |   143 |   185 ||   408
       Spear             |       |       |    52 ||    52
  Use: Potion            |     2 |     4 |     4 ||    10
       Scroll            |       |     8 |     3 ||    11
  Eat: Ration            |       |     2 |     2 ||     4
Armor: Chain mail        |    38 |    82 |   151 ||   271
Dodge: Dodged            |    28 |    44 |    95 ||   167
